Unix NetHack Version 5.0.0-0 post-release - last build Jun 10 2026 00:39:30 (3ee93aec679c4c4259841fe613dc97188e26a321,branch:main).

Game began 2026-06-23 20:38:18, ended 2026-06-23 20:56:54.

DaveT, lawful male human Priest

                           ---
                          --.--
                          |...|
                          |...--
                          ---..------          .----
                            --...--.---       .....|              |G.
                            ---.......|       .....|      --......|@..
             ...            |.........|       .....|      |.......ss..
             ....        ----.|..|....-- ---  --...|      -......>#...
             ..^-        |....|------..---.-----*..|      .........
             |.--        |.----------..........)..<|
             |.|       ---(|-..|..--...........-----
             |.|       |...|..............---...
             |.---     |........................
             |...|------.|......---.|....----...
             ---.--......|---.--- -----.--  --.
               |.....-----  ---       ---
               -------
DaveT the Adept              St:14 Dx:11 Co:18 In:8 Wi:18 Ch:8  Lawful
Dlvl:5  $:2687 HP:0(55) Pw:85(85) AC:1  Xp:6 T:4180  Hungry   Burdened

Latest messages:
 The combat suddenly awakens you.
 You miss the cave spider.
 The cave spider misses!
 The cave spider just misses!
 You hear a nearby zap.
 The sleep ray hits you!
 The sleep ray hits the cave spider.
 The cave spider misses!
 The cave spider bites!
 The cave spider misses!
 The cave spider misses!
 The cave spider bites!
 The cave spider bites!
 The cave spider bites!
 The cave spider bites!
 The cave spider bites!
 The cave spider misses!
 The cave spider bites!
 You are hit by a crossbow bolt.
 The cave spider just misses!
 The cave spider bites!
 The cave spider bites!
 The cave spider bites!
 The cave spider bites!
 The cave spider bites!
 The cave spider bites!
 The gnome swings her crossbow.
 The gnome hits!
 The cave spider bites!
 The gnome swings her crossbow.
 The gnome hits!
 The cave spider bites!
 The cave spider bites!
 The cave spider bites!
 The cave spider bites!
 The cave spider bites!
 The gnome swings her crossbow.
 The gnome hits!
 The cave spider bites!
 The cave spider misses!
 The gnome swings her crossbow.
 The gnome hits!
 The cave spider bites!
 The cave spider bites!
 The cave spider bites!
 The cave spider bites!
 The cave spider bites!
 You die...
 Do you want your possessions identified? [ynq] (y) y
 Do you want to see your attributes? [ynq] (y) q

Inventory:
 Coins    ('$')
  $ - 2687 gold pieces
 Amulets  ('"')
  O - an amulet of guarding (being worn)
 Weapons  (')')
  p - a +0 crossbow bolt
  n - 6 blessed +1 darts (at the ready)
  E - 11 cursed -2 darts
  u - a +0 dagger
  Q - a +0 orcish dagger
  D - the +1 Demonbane (weapon in right hand)
  a - a blessed +1 mace
 Armor    ('[')
  l - a +0 orcish helm (being worn)
  X - a +0 pair of levitation boots
  s - a +0 pair of low boots (being worn)
  c - a burnt +0 small shield (being worn)
  b - a +0 robe (being worn)
  Y - a +0 studded leather armor (being worn)
 Comestibles  ('%')
  e - a clove of garlic
  j - 3 food rations
  Z - 2 fortune cookies
  f - 2 sprigs of wolfsbane
 Scrolls  ('?')
  i - 2 scrolls of blank paper
  k - a cursed scroll of blank paper
  y - a scroll of gold detection
  L - a cursed scroll of gold detection
  o - a cursed scroll of identify
  q - a scroll of teleportation
 Spellbooks  ('+')
  h - a spellbook of cure blindness
  t - a cursed spellbook of force bolt
  F - a spellbook of haste self
  g - a spellbook of healing
 Potions  ('!')
  v - a potion of healing
  T - a cursed potion of healing
  d - 4 potions of holy water
 Rings    ('=')
  G - a ring of poison resistance (on left hand)
  I - a ring of warning
 Wands    ('/')
  w - a wand of digging (0:6)
  r - a wand of fire (0:3)
  M - a wand of stasis (0:4)
 Tools    ('(')
  N - a fire horn (0:8)
  K - a +0 pick-axe
  m - a partly used wax candle
 Gems/Stones  ('*')
  V - a worthless piece of yellowish brown glass

DaveT the Priest's attributes:

Background:
 You were an Adept, a level 6 human Priest.
 You were lawful, on a mission for Blind Io
 who was opposed by The Lady (neutral) and Offler (chaotic).
 You were right-handed.
 You were in the Gnomish Mines, on level 5.
 You entered the dungeon 4180 turns ago.
 You had 467 experience points, 173 more were needed to attain level 7.

Basics:
 You had 0 out of 55 hit points.
 You had all 85 energy points (spell power).
 Your armor class was 1.
 Your wallet contained 2687 zorkmids.
 Autopickup was off.

Final Characteristics:
 Your strength was 14 (limit:18/100).
 Your dexterity was 11 (limit:18).
 Your constitution was 18 (limit:18).
 Your intelligence was 8 (limit:18).
 Your wisdom was 18 (limit:18).
 Your charisma was 8 (peak:9, limit:18).

Final Status:
 You were hungry.
 You were burdened; movement was slightly slowed.
 You were wielding a mace.
 You had basic skill with mace and could have enhanced that.

Final Attributes:
 You were piously aligned.
 You were poison resistant.
 You were telepathic.
 You had a small defense bonus (+2).
 You were protected.
 Your spell casting was enhanced by wearing a robe.
 You are dead.

Miscellaneous:
 You didn't encounter any bones levels.
 Total elapsed playing time was 18 minutes and 35 seconds.

Major events:
 Turn
    1: DaveT the lawful human Priest entered the dungeon
  487: attained the rank of Acolyte (level 3)
 1266: was bestowed with Demonbane by Blind Io
 1555: entered the Gnomish Mines
 3435: attained the rank of Adept (level 6)
 4180: killed by a cave spider, while sleeping

Spells:
 Name                 Level Category     Fail Retention
 healing                1   healing        0%  76%-100%
 cure blindness         2   healing       27%  76%-100%

Skills:
 Fighting Skills
   bare handed combat [Unskilled]
 Weapon Skills
   club               [Unskilled]
   mace               [Basic]
   morning star       [Unskilled]
   flail              [Unskilled]
   hammer             [Unskilled]
   quarterstaff       [Unskilled]
   polearms           [Unskilled]
   spear              [Unskilled]
   trident            [Unskilled]
   lance              [Unskilled]
   bow                [Unskilled]
   sling              [Unskilled]
   crossbow           [Unskilled]
   dart               [Unskilled]
   shuriken           [Unskilled]
   boomerang          [Unskilled]
   unicorn horn       [Unskilled]
 Spellcasting Skills
   healing spells     [Unskilled]
   divination spells  [Unskilled]
   clerical spells    [Basic]

Voluntary challenges:
 Character rerolling was not enabled.
 You never genocided any monsters.
 You never polymorphed an object.
 You never changed form.
 You used no wishes.
Achievements:
 You attained the rank of Acolyte.
 You entered a shop.
 You entered the Gnomish Mines.
 You attained the rank of Adept.

 The Dungeons of Doom: levels 1 to 6
    Level 1:
    Level 2:
    Level 3:
       Some altars, a grave.
    Level 4: "empty vault"
       A potion shop.
       Stairs down to The Gnomish Mines.
    Level 5:
       An armor shop, some fountains.
    Level 6:
 The Gnomish Mines: levels 5 to 6
    Level 5: <- You were here.
       Final resting place for
          you, killed by a cave spider, while sleeping.
    Level 6:


Vanquished creatures:
  a quivering blob
  a dust vortex
 an imp
  3 rock piercers
  a yellow light
  a gnome leader
  a straw golem
  a paper golem
  a floating eye
  2 kittens
  2 dwarves
  a homunculus
  4 hill orcs
  a rothe
 an orc zombie
  a werejackal
  3 iguanas
 an acid blob
  5 coyotes
  a giant rat
  a yellow mold
  a green mold
  a red mold
 17 gnomes
  3 geckos
  2 jackals
  3 foxes
  a kobold
  2 goblins
  6 grid bugs
  4 bats
  5 lichens
  2 kobold zombies
  2 newts
83 creatures vanquished.

No species were genocided or became extinct.

Game over:
                       ----------
                      /          \
                     /    REST    \
                    /      IN      \
                   /     PEACE      \
                  /                  \
                  |      DaveT       |
                  |     2687 Au      |
                  | killed by a cave |
                  |      spider      |
                  |                  |
                  |                  |
                  |       2026       |
                 *|     *  *  *      | *
        _________)/\\_//(\/(/\)/\//\/|_)_______

Goodbye DaveT the Priest...

You died in The Gnomish Mines on dungeon level 5 with 4617 points,
and 2687 pieces of gold, after 4180 moves.
You were level 6 with a maximum of 55 hit points when you died.

